 Dungeon Crawl Stone Soup version 0.28-a0-1199-gef9e1dbd39 (webtiles) character file.

Game seed: 8563265871003096408

381 bande the Covered (level 6, -1/39 HPs)
             Began as a Gargoyle Fighter on Dec 20, 2021.
             Slain by an ogre (10 damage)
             ... on level 4 of the Dungeon.
             The game lasted 00:04:30 (2698 turns).

bande the Covered (Gargoyle Fighter)                Turns: 2698, Time: 00:04:31

Health: -1/39      AC: 19    Str: 20    XL:     6   Next: 75%
Magic:  6/6        EV:  6    Int:  8    God:
Gold:   146        SH:  4    Dex: 11    Spells: 5/5 levels left

rFire   . . .      SeeInvis .   a - +0 war axe
rCold   . . .      Faith    .   c - +0 buckler
rNeg    + . .      Spirit   .   e - +0 plate armour
rPois   ∞          Reflect  .   n - +0 helmet
rElec   +          Harm     .   (no cloak)
rCorr   .          Rampage  .   (no gloves)
Will    .....                   j - +0 pair of boots
Stlth   ..........              (no amulet)
HPRegen 0.13/turn               (no ring)
MPRegen 0.10/turn               (no ring)

@: no status effects
A: sickness immunity, AC +4, negative energy resistance 1, electricity
resistance, torment resistance 1, petrification resistance
a: no special abilities


You were on level 4 of the Dungeon.
You visited 1 branch of the dungeon, and saw 4 of its levels.

You collected 146 gold pieces.

Inventory:

Hand Weapons
 a - a +0 war axe (weapon)
Armour
 c - a +0 buckler (worn)
 e - a +0 plate armour (worn)
 j - a +0 pair of boots (worn)
 n - a +0 helmet (worn)
Wands
 l - a wand of polymorph (8)
Scrolls
 h - a scroll of identify
 i - 2 scrolls of blinking {unknown}
 m - a scroll of noise {unknown}
Potions
 b - 2 potions of curing
 d - a potion of might
 f - a potion of cancellation {unknown}
 g - a potion of attraction {unknown}
 k - a potion of heal wounds {unknown}


   Skills:
 + Level 4.6 Fighting
 + Level 3.8 Axes
 + Level 4.8 Armour
 + Level 4.2 Shields
 * Level 1.6 Evocations


You had 5 spell levels left.
You didn't know any spells.
Your spell library contained the following spells:

 Spells                   Type           Power      Damage    Failure   Level
 Animate Skeleton         Necr           0%         N/A       100%        1
 Apportation              Tloc           0%         N/A       100%        1
 Summon Small Mammal      Summ           0%         N/A       100%        1


Dungeon Overview and Level Annotations

Branches:
Dungeon (4/15)
 Temple: D:4-7

Altars:

Shops:
D:1 *   D:3 (

Annotations:
D:3 2 transporters, snackwell's ghost, amateur NaBe


Innate Abilities, Weirdness & Mutations

You are immune to sickness and miasma.
Your stone body is resilient. (AC +4)
You are immune to poison.
You resist negative energy. (rN+)
You are resistant to electric shocks. (rElec)
You are resistant to unholy torment.
You are immune to petrification.


Message History

You open the door.
There is an open door here.
There is an open door here.
There is an open door here.
You see here 6 curare-tipped darts.
There is an open door here.
There is an open door here.
Key pressed, stopping explore.
Found a dagger.
An ogre comes into view. It is wielding a +0 giant spiked club.
Found a falchion and 19 stones.
The ogre shouts!
Your plate armour prevents you from hitting the ogre.
The ogre hits you with a +0 giant spiked club.
You barely miss the ogre.
The ogre hits you with a +0 giant spiked club!!
Ouch! That really hurt!
You hit the ogre.
The ogre is lightly wounded.
The ogre hits you but does no damage.
You hit the ogre.
The ogre is lightly wounded.
The ogre closely misses you.
You closely miss the ogre.
The ogre is lightly wounded.
The ogre barely misses you.
You barely miss the ogre.
The ogre is lightly wounded.
The ogre closely misses you.
You closely miss the ogre.
The ogre is lightly wounded.
The ogre hits you but does no damage.
You hit the ogre.
The ogre is moderately wounded.
The ogre hits you with a +0 giant spiked club.
* * * LOW HITPOINT WARNING * * *
You slash the ogre!
The ogre is heavily wounded.
The ogre hits you with a +0 giant spiked club!
You die...

.#.........#.#.# #.......##
.##.#####......#### #.........
###.#................ +.........
# #.#.##......######...#....#..(.
###.#.##...........#.............
##....##....##############'######
............#.....).......†......
.#..........#.#.#.#.#.#.#.#.#.#)#
.........#..#.#.@O)..(#...)...#..
.#.#...#.#..#.###################
.#.#.#.#.#..#.##.#
.#.#.#.#.#..#.##.#
.#.#.#.#+#..#.##.#
.#.#........#..#.#
##.#........##.#.#
#.#.............#
#.#.......###.###.#


You could see an ogre.

Vanquished Creatures
  Sigmund (D:2)
  An ogre (D:4)
  An iguana (D:4)
  An orc wizard (D:3)
  3 adders
  2 worms
  3 dart slugs
  10 orcs
  4 bats
  2 endoplasms (D:4)
  2 giant cockroaches (D:2)
  6 hobgoblins
  2 kobolds (D:1)
  2 quokkas
  4 ball pythons
  2 frilled lizards
  5 goblins
  A rat (D:2)
52 creatures vanquished.

Notes
Turn   | Place    | Note
-------+----------+-------------------------------------------
     0 | D:1      | bande the Gargoyle Fighter began the quest for the Orb.
     0 | D:1      | Reached XP level 1. HP: 14/14 MP: 1/1
   100 | D:1      | Found a faded altar of an unknown god.
   195 | D:1      | Reached XP level 2. HP: 19/19 MP: 2/2
   202 | D:1      | Found Qarryike's General Store.
   588 | D:2      | Noticed Sigmund
   616 | D:2      | Killed Sigmund
   617 | D:2      | Reached XP level 3. HP: 11/24 MP: 3/3
   617 | D:2      | Reached XP level 4. HP: 14/30 MP: 4/4
   617 | D:2      | Reached XP level 5. HP: 16/34 MP: 5/5
  1611 | D:3      | Found a transporter.
  1626 | D:3      | Found a transporter.
  1642 | D:3      | Noticed snackwell's ghost (amateur NaBe)
  1664 | D:3      | Found Limed's Weapon Shop.
  1771 | D:3      | Reached skill level 1 in Evocations
  1771 | D:3      | Reached XP level 6. HP: 32/39 MP: 6/6
  2698 | D:4      | Slain by an ogre

Illustrated notes

Levels and vault maps discovered:
D:1:      dpeg_arrival_rhombi, layout_basic, ebering_ecumenical_altar_hall,
          serial_shops, shop, minmay_split_cup_small
D:2:      layout_basic, uniq_sigmund
D:3:      layout_basic, mainiacjoe_overflow_catwalk_spiral,
          general_overflow_altar, cheibrodos_sewer_entry_drain,
          gammafunk_ghost_stat_death, serial_shops, shop
D:4:      layout_basic, hangedman_minor_gate_pass

Skill      XL: |  1  2  3  4  5 |
---------------+----------------+-----
Axes           | 3 |  3.8
Fighting       | 4 |  4.6
Armour         | 4 |  4.8
Shields        | 4 |  4.2
Evocations     | 1 |  1.6

Action                   |  1- 3 |  4- 6 || total
-------------------------+-------+-------++-------
Melee: War axe           |    56 |   117 ||   173
  Use: Scroll            |       |     3 ||     3
Armor: Plate armour      |    54 |    92 ||   146
       Scale mail        |     1 |       ||     1
Dodge: Dodged            |    17 |    32 ||    49
Block: Buckler           |     8 |    29 ||    37

Table legend: (Time is in decaauts)
 A = Elapsed time spent in this place.
 B = Non-inter-level travel time spent in this place.
 C = Inter-level travel time spent in this place.
 D = Time resting spent in this place.
 E = Time spent auto-exploring this place.
 F = Levels seen in this place.
 G = Mean time per level.
                   A        B        C        D        E       F      G
               +--------+--------+--------+--------+--------+-----+--------+
         Total |   2759 |   2672 |     87 |    258 |   1838 |   4 |  689.8 |
       Dungeon |   2759 |   2672 |     87 |    258 |   1838 |   4 |  689.8 |
               +--------+--------+--------+--------+--------+-----+--------+

Top non-repeatable levels by time:
     D:2: 1002 daAuts
     D:4: 826 daAuts
     D:1: 565 daAuts
     D:3: 365 daAuts
